Map: Divergence LE

Players

Massa

  • Race: Terran Terran
  • League: Gold
  • Spawn Location: 11:00

qqq

  • Race: Zerg Zerg
  • League: Platinum
  • Spawn Location: 11:00

PonyMaster - Winner!

  • Race: Terran Terran
  • League: Gold
  • Spawn Location: 5:00

TvoyBoss - Winner!

  • Race: Terran Terran
  • Spawn Location: 5:00

VOD

Have the link to the VOD?

Description

Time

  • Played on: June 2, 2020, 12:42 p.m.
  • Length: 18:31
Show
View Real Time Build Order
Export as new Build Order

Massa Terran 

Build Orders:  

Get SALT Encoding   

  12  0:12  Supply Depot  
  12  0:13  SCV  
  13  0:25  SCV  
  14  0:36  Barracks  
  14  0:37  SCV  
  15  0:49  SCV  
  16  1:01  SCV  
  17  1:19  SCV  
  17  1:23  Refinery  
  17  1:24  Marine, Supply Depot  
  19  1:31  SCV  
  20  1:42  Marine  
  20  1:43  SCV  
  22  1:56  SCV  
  22  2:00  Marine  
  24  2:01  Command Center  
  24  2:12  Refinery, Supply Depot  
  24  2:40  Marine  
  25  2:52  Orbital Command  
  25  2:57  Marine  
  26  3:01  Factory  
  26  3:05  Engineering Bay  
  26  3:15  Marine  
  26  3:16  Barracks  
  26  3:18  SCV  
  28  3:30  SCV  
  28  3:32  Terran Infantry Weapons Level 1  
  29  3:37  Orbital Command  
  29  3:42  SCV  
  30  3:50  Missile Turret  
  30  3:54  Barracks Tech Lab  
  30  4:00  Barracks  
  30  4:06  Starport, Factory Tech Lab  
  30  4:12  Missile Turret  
  30  4:14  Barracks Reactor  
  30  4:25  SCV x2  
  32  4:34  Siege Tank  
  32  4:37  SCV x2  
  37  4:48  Stimpack  
  37  4:49  SCV x2  
  39  4:53  Marine x4  
  43  5:11  Marine x3  
  43  5:13  Supply Depot x2  
  46  5:15  Supply Depot  
  46  5:19  SCV  
  46  5:20  SCV  
  48  5:24  Medivac  
  50  5:32  SCV x2  
  52  5:38  Supply Depot  
  52  5:44  SCV  
  53  5:54  Medivac  
  55  5:58  Missile Turret  
  55  6:04  Command Center  
  55  6:18  Missile Turret  
  42  6:41  Missile Turret  
  42  6:50  Siege Tank  
  42  6:52  Marauder, Marine  
  42  6:53  Marine x2  
  49  7:05  Missile Turret  
  47  7:10  Marine  
  47  7:11  Marine x2  
  47  7:14  Marauder  
  51  7:26  Viking  
  51  7:28  Marine x3  
  56  7:35  Marauder  
  57  7:46  Marine x2  
  59  7:56  Marauder, Viking  
  63  8:18  Marauder  
  60  9:10  Missile Turret  
  60  9:14  Refinery  
  60  9:19  Command Center, Missile Turret  
  60  9:20  SCV  
  61  9:30  Missile Turret  
  61  9:32  SCV  
  61  9:34  Siege Tank  
  61  9:35  Barracks Reactor  
  61  9:37  Marauder  
  67  9:38  Marine  
  67  9:39  Marine  
  67  9:40  Missile Turret  
  67  9:44  SCV  
  70  9:52  Missile Turret  
  70  9:56  SCV, Marine x2  
  70  9:59  Marauder  
  75  10:00  Missile Turret  
  75  10:01  Combat Shield  
  75  10:08  SCV  
  75  10:14  Marine x2  
  75  10:20  Marauder  
  79  10:24  Starport Reactor  
  79  10:32  SCV x2, Marine x2  
  84  10:36  Orbital Command  
  84  10:42  Marauder  
  85  10:44  SCV x2  
  87  10:54  Terran Infantry Armor Level 1  
  87  10:56  SCV x2  
  89  11:01  Engineering Bay  
  89  11:03  Marauder  
  91  11:07  Armory  
  91  11:08  SCV x2  
  93  11:19  Concussive Shells  
  93  11:20  SCV  
  93  11:21  SCV  
  95  11:37  Liberator  
  98  11:44  Refinery  
  98  11:45  Refinery  
  98  11:49  Refinery  
  98  11:51  Refinery  
  98  11:54  Armory  
  98  11:55  Terran Infantry Weapons Level 2  
  98  12:03  SCV  
  99  12:08  SCV  
  100  12:15  SCV  
  101  12:30  Supply Depot  
  101  12:48  Barracks  
  101  12:51  SCV x2, Marine x5  
  101  12:53  Supply Depot  
  101  12:54  Barracks  
  108  13:04  SCV  
  109  13:15  Marine x2, Thor  
  109  13:17  Supply Depot  
  109  13:18  Marine x2  
  109  13:19  Marine  
  107  13:32  Marine x2  
  96  13:35  Barracks  
  96  13:36  Marine x2  
  96  13:37  Marine  
  96  13:39  Viking x2  
  80  13:43  Barracks  
  80  13:44  Barracks Reactor  
  80  13:47  Barracks Reactor  
  72  13:50  Marine x2  
  72  13:54  Marine x3  
  72  13:57  Thor  
  78  14:08  Marine x2  
  78  14:09  Viking x2  
  82  14:12  Marine x3  
  82  14:26  Marine x2  
  82  14:29  Marine x2  
  82  14:30  Marine  
  85  14:35  Marine x3  
  85  14:36  Marine  
  81  14:39  Viking  
  81  14:44  Marine x2  
  83  14:47  Marine x2  
  83  14:48  Marine  
  75  14:53  Marine x4  
  79  15:02  Marine x2, Viking  
  79  15:05  Marine x2  
  79  15:06  Marine  
  86  15:22  Supply Depot  
  86  15:26  Command Center  
  86  15:35  Marine, Viking  
  86  15:39  Supply Depot x2  
  86  15:42  Marine x3  
  86  15:44  Marine x2, Thor  
  86  15:45  Supply Depot  
  86  15:47  Terran Vehicle And Ship Armor Level 1  
  86  15:48  Terran Vehicle Weapons Level 1  
  86  15:49  Terran Infantry Armor Level 2  
  94  15:54  Barracks Reactor  
  94  16:00  Marine x7  
  94  16:02  Marine x2, Supply Depot  
  103  16:05  Supply Depot  
  103  16:07  SCV x2  
  103  16:09  Supply Depot  
  105  16:18  Marine x3  
  105  16:19  SCV x2  
  110  16:25  Supply Depot  
  110  16:27  Thor  
  110  16:29  Supply Depot  
  110  16:31  SCV x2  
  117  16:33  Supply Depot  
  91  16:42  Marine  
  91  16:43  SCV x2, Marine x11  
  78  16:55  SCV x2  
  78  16:56  Supply Depot  
  80  17:02  Marauder  
  82  17:20  Command Center, Supply Depot  
  72  17:41  Marine  
  72  17:42  Marauder, Marine x4  
  72  17:43  Marine  
  80  17:45  Supply Depot  
  80  18:03  Marauder  
  82  18:09  Supply Depot  
Show
View Real Time Build Order
Export as new Build Order

qqq Zerg 

Build Orders: Hatch First 

Get SALT Encoding   

  12  0:07  Drone  
  12  0:09  Drone  
  14  0:38  Hatchery  
  13  0:51  Spawning Pool  
  12  0:59  Overlord  
  12  1:03  Drone  
  13  1:07  Drone  
  13  1:11  Extractor  
  13  1:13  Drone  
  14  1:29  Drone  
  15  1:34  Drone  
  15  1:39  Queen  
  18  1:50  Queen  
  18  1:53  Drone  
  21  1:57  Zergling x2  
  21  2:01  Drone  
  23  2:07  Drone  
  24  2:15  Drone  
  25  2:20  Drone  
  26  2:23  Overlord  
  26  2:27  Metabolic Boost  
  26  2:40  Queen  
  28  2:44  Drone  
  28  2:45  Zergling x2  
  28  2:46  Zergling x2  
  31  2:53  Lair  
  31  2:56  Drone  
  32  3:01  Drone  
  33  3:08  Roach Warren  
  32  3:14  Overlord  
  32  3:16  Zergling x2  
  32  3:18  Zergling x2  
  34  3:28  Drone x2  
  34  3:30  Overlord  
  36  3:39  Drone  
  37  3:42  Zergling x2  
  37  3:44  Drone x2  
  40  3:58  Drone  
  40  3:59  Drone x3  
  40  4:00  Roach x3  
  52  4:03  Roach  
  52  4:07  Extractor  
  52  4:08  Glial Reconstitution  
  51  4:13  Overlord  
  51  4:15  Drone  
  52  4:35  Roach x3  
  52  4:36  Drone x2  
  52  4:37  Overlord  
  60  4:51  Overlord x2  
  60  4:59  Hatchery  
  59  5:00  Evolution Chamber  
  59  5:05  Infestation Pit  
  59  5:06  Roach  
  59  5:07  Roach  
  61  5:25  Roach x3  
  61  5:26  Drone x4  
  71  5:34  Zerg Melee Weapons Level 1  
  71  5:37  Drone  
  72  5:43  Extractor  
  72  5:44  Extractor  
  72  5:48  Zergling x2  
  72  5:49  Zergling x2  
  72  6:05  Roach  
  74  6:18  Roach x2  
  78  6:25  Hive  
  78  6:27  Zergling x6  
  78  6:28  Zergling x10  
  69  6:59  Hatchery  
  58  7:02  Roach x3  
  58  7:03  Roach  
  58  7:04  Roach x2  
  62  7:15  Drone  
  63  7:45  Drone x2  
  63  7:47  Drone x3  
  63  7:48  Roach x2  
  63  7:49  Roach x4  
  79  8:01  Zerg Ground Armor Level 1  
  79  8:03  Roach  
  81  8:12  Hatchery  
  70  8:13  Hatchery  
  70  8:16  Roach  
  70  8:17  Drone, Roach x3  
  70  8:29  Roach x2  
  70  8:30  Drone  
  75  8:50  Drone x2  
  75  8:51  Drone x2  
  75  8:54  Roach x2  
  75  8:55  Drone x3  
  86  9:00  Spore Crawler  
  86  9:01  Spore Crawler x2  
  86  9:02  Spore Crawler  
  82  9:03  Drone  
  82  9:04  Spore Crawler  
  82  9:06  Hatchery  
  81  9:10  Drone  
  81  9:12  Spore Crawler  
  81  9:15  Spine Crawler  
  80  9:17  Roach x3  
  86  9:25  Ultralisk Cavern  
  85  9:38  Roach x4  
  91  9:39  Roach x3  
  91  9:41  Drone  
  91  9:43  Ravager  
  101  9:50  Ravager  
  101  9:51  Overlord  
  101  9:52  Overlord  
  102  9:55  Overlord  
  102  10:14  Ultralisk  
  108  10:19  Ravager x7  
  108  10:20  Ravager x2  
  117  10:22  Drone x4  
  117  10:23  Drone  
  122  10:44  Zergling x8, Ultralisk  
  122  10:48  Overlord  
  132  10:56  Spore Crawler  
  131  10:58  Drone  
  131  10:59  Spore Crawler  
  131  11:00  Drone  
  131  11:02  Overlord x2  
  132  11:08  Anabolic Synthesis  
  132  11:11  Drone x2  
  134  11:45  Zergling x4, Ultralisk  
  134  11:46  Zergling x2  
  134  11:47  Drone  
  144  11:48  Drone  
  144  11:49  Drone  
  144  11:50  Chitinous Plating  
  144  11:53  Overlord  
  146  11:59  Zerg Ground Armor Level 2  
  146  12:03  Drone x2  
  146  12:04  Drone  
  146  12:05  Drone  
  150  12:14  Hatchery, Drone x5  
  150  12:15  Drone  
  155  12:23  Hatchery  
  146  12:40  Drone x8  
  146  12:41  Drone x3  
  154  12:51  Drone  
  145  13:05  Spore Crawler  
  137  13:06  Spore Crawler  
  137  13:09  Hydralisk Den  
  125  13:26  Ultralisk x3  
  108  13:43  Spore Crawler  
  108  13:44  Spore Crawler x2  
  96  13:48  Spore Crawler  
  96  13:49  Spore Crawler x2  
  96  13:52  Spore Crawler  
  96  13:53  Drone x3  
  96  13:54  Spore Crawler x2  
  96  13:55  Spore Crawler  
  83  13:57  Spore Crawler  
  83  13:58  Spore Crawler x2  
  83  13:59  Spore Crawler  
  75  14:15  Zerg Melee Weapons Level 2  
  63  14:29  Drone  
  63  14:30  Drone x2  
  52  14:34  Drone  
  52  14:35  Drone x5  
  52  14:37  Hydralisk x5  
  52  14:38  Hydralisk  
  61  14:49  Drone x3  
  52  15:12  Drone x5  
  52  15:13  Drone x2  
  52  15:14  Drone x2  
  55  15:40  Drone x5  
  55  15:41  Drone x4  
  55  15:42  Ultralisk  
  70  15:48  Zergling x2  
  70  15:49  Zergling x6  
  74  15:58  Ultralisk  
  74  15:59  Hydralisk  
  82  16:06  Drone x4  
  82  16:07  Drone x2  
  88  16:13  Ultralisk  
  91  16:39  Grooved Spines  
  82  16:49  Drone  
  82  16:50  Drone x7, Spire  
  82  16:51  Drone  
  79  17:07  Drone x2  
  71  17:18  Ultralisk  
  71  17:21  Hydralisk x3  
  65  17:51  Ultralisk  
  65  17:53  Drone x3  
  65  17:55  Extractor  
  65  17:56  Extractor  
  66  18:05  Drone x3  
  75  18:13  Hatchery  
  75  18:19  Extractor  
  73  18:20  Spore Crawler x2  
Show
View Real Time Build Order
Export as new Build Order

PonyMaster Terran - Winner!

Build Orders:  

Get SALT Encoding   

  12  0:05  SCV  
  13  0:16  Supply Depot  
  13  0:18  SCV  
  14  0:30  SCV  
  15  0:39  Barracks  
  15  0:46  Refinery  
  15  0:47  SCV  
  16  1:00  SCV  
  17  1:17  SCV  
  18  1:30  Marine  
  20  1:34  Orbital Command  
  19  1:47  Command Center  
  19  1:48  Marine  
  20  2:04  SCV  
  21  2:08  Factory  
  21  2:15  Refinery  
  21  2:16  SCV  
  22  2:23  Barracks  
  22  2:28  SCV  
  22  2:37  Barracks Reactor  
  22  2:46  SCV  
  23  2:53  Supply Depot  
  23  2:56  Factory Reactor  
  23  2:57  Starport  
  23  2:58  SCV  
  24  3:06  Orbital Command  
  24  3:11  SCV  
  24  3:12  Barracks Tech Lab  
  25  3:17  Marine  
  26  3:23  SCV  
  27  3:34  SCV, Marine  
  28  3:35  Marine  
  28  3:36  Stimpack  
  30  3:46  SCV  
  30  3:47  SCV  
  32  3:54  Marine x3  
  32  3:55  Medivac  
  37  3:58  SCV  
  37  3:59  SCV  
  37  4:00  Factory Tech Lab, Medivac  
  41  4:10  SCV  
  41  4:12  Marine  
  41  4:14  Marine  
  41  4:15  Marine  
  45  4:18  Engineering Bay  
  45  4:21  Supply Depot  
  45  4:24  SCV  
  46  4:30  Supply Depot  
  46  4:42  Marine  
  46  4:43  SCV, Medivac, Siege Tank  
  53  4:47  Supply Depot  
  53  4:50  SCV  
  53  4:52  Marine  
  54  4:53  Marine  
  54  4:55  SCV  
  57  5:00  Marine  
  58  5:10  Marine x2  
  60  5:18  Marine  
  61  5:28  Marine x2  
  61  5:33  Command Center  
  63  5:36  Marine  
  63  5:41  Medivac, Siege Tank  
  69  5:46  Marine  
  70  5:57  Terran Infantry Weapons Level 1  
  70  6:00  Supply Depot x2  
  70  6:08  Barracks  
  70  6:09  Barracks  
  70  6:13  Marine  
  70  6:21  Marine x2  
  70  6:23  Supply Depot  
  54  6:44  Marine  
  54  6:45  Marine x2  
  60  6:47  Medivac, Siege Tank  
  61  7:02  Marine x3  
  64  7:10  Medivac  
  64  7:20  Marine x3  
  64  7:22  Command Center  
  64  7:36  Barracks Tech Lab  
  64  7:37  Barracks Reactor  
  64  7:38  Marine x3, Siege Tank  
  70  7:55  Marine  
  70  7:56  Marauder, Marine  
  68  8:17  Marine  
  65  8:23  Marine x2  
  65  8:24  Marine x2  
  65  8:25  Marine  
  65  8:26  Siege Tank  
  65  8:32  Refinery  
  63  8:34  Refinery  
  63  8:35  Marine  
  63  8:41  Marine  
  64  8:42  Viking  
  64  8:45  Orbital Command  
  67  8:51  SCV  
  67  8:52  SCV  
  69  8:58  Siege Tank  
  72  9:03  SCV  
  72  9:06  Marine x3  
  72  9:07  Marauder x2  
  80  9:14  Barracks x2  
  80  9:16  Terran Infantry Armor Level 1  
  80  9:23  Supply Depot  
  80  9:25  Orbital Command  
  80  9:28  Marauder  
  82  9:32  Armory, Supply Depot  
  82  9:34  Marine  
  82  9:35  Marine x4  
  82  9:36  SCV  
  82  9:37  SCV  
  89  9:48  SCV  
  89  9:49  Marine  
  89  9:52  Marine x5  
  92  9:55  Supply Depot  
  92  9:59  Refinery  
  96  10:06  Barracks Reactor  
  96  10:07  Barracks Tech Lab, Marine  
  96  10:10  Marine x3  
  96  10:12  Supply Depot  
  100  10:14  Marine x2  
  100  10:15  Medivac  
  100  10:16  Command Center, Medivac  
  100  10:18  SCV  
  100  10:19  SCV x2  
  109  10:35  Supply Depot  
  109  10:38  SCV x3  
  109  10:41  Marine  
  109  10:42  Refinery, Marine x6  
  119  10:50  Starport  
  119  10:59  Marine  
  119  11:02  Supply Depot  
  119  11:03  Supply Depot  
  120  11:05  Armory  
  119  11:14  Siege Tank  
  119  11:17  Medivac x2  
  126  11:23  Supply Depot  
  126  11:25  Marine x2  
  127  11:26  Marauder x2  
  132  11:39  Medivac  
  134  11:46  Siege Tank  
  137  11:47  Medivac x2  
  137  11:53  Marine  
  137  11:54  Marine x8  
  150  12:09  Medivac  
  150  12:11  Marine  
  150  12:12  Marine x8  
  161  12:17  Medivac x2  
  165  12:24  SCV  
  165  12:29  Marine x4  
  167  12:30  Marauder, Marine x2  
  167  12:36  Marauder  
  167  12:37  Marauder  
  173  12:39  Medivac  
  166  12:47  Liberator x2  
  164  13:09  Liberator  
  156  13:29  Liberator  
  156  13:30  Liberator  
  98  13:50  Cyclone  
  98  13:52  Liberator  
  103  13:56  Marine x3  
  103  13:57  Marauder x2  
  100  14:12  Liberator  
  103  14:18  Marauder  
  103  14:19  Marauder  
  103  14:23  Cyclone  
  94  14:35  Orbital Command  
  94  14:40  Marauder x2, Marine x2  
  96  14:58  Marine x2  
  98  15:01  Marine x2  
  91  15:19  Marauder x2  
  91  15:20  Liberator x3  
  102  15:22  SCV x3  
  105  15:33  Marine  
  105  15:34  SCV, Marine  
  108  15:40  Marauder  
  108  15:41  Marauder  
  112  15:51  Marine x2  
  114  16:01  Marine x2  
  116  16:09  Marine x2  
  118  16:19  Marine x2  
  113  16:26  Marine  
  113  16:27  Marine  
  100  16:37  Marine  
  100  16:38  Marauder  
  101  16:42  Medivac  
  101  16:44  Marine  
  101  16:45  Marine  
  105  16:55  Marauder  
  105  16:58  Marine  
  108  17:02  Marine  
  108  17:03  Marine  
  110  17:17  Marauder x2  
  110  17:20  Marine x2  
  116  17:38  Marauder, Marine x3  
  99  17:55  Marine x2  
  99  17:56  Marine  
  102  17:59  Marine  
  103  18:08  SCV x2  
  103  18:09  SCV  
Show
View Real Time Build Order
Export as new Build Order

TvoyBoss Terran - Winner!

Build Orders: Liberator Opening 

Get SALT Encoding   

  12  0:00  SCV  
  13  0:12  SCV  
  14  0:25  SCV  
  14  0:27  Supply Depot  
  15  0:30  Refinery  
  15  0:53  Barracks  
  15  0:55  SCV  
  16  1:07  SCV  
  17  1:19  SCV  
  18  1:39  Orbital Command  
  18  1:52  Command Center  
  18  1:56  Factory  
  18  1:59  Refinery  
  18  2:04  Supply Depot  
  18  2:12  Marine  
  19  2:17  SCV  
  20  2:29  SCV, Marine  
  22  2:41  SCV  
  22  2:43  Factory Tech Lab  
  23  2:45  Starport  
  23  2:47  Marine  
  24  3:02  Siege Tank  
  24  3:05  Marine  
  27  3:10  SCV  
  29  3:14  Orbital Command  
  29  3:21  Starport Reactor  
  29  3:23  Marine  
  29  3:24  SCV  
  31  3:29  Engineering Bay  
  31  3:34  Siege Tank  
  31  3:41  Marine  
  35  3:46  SCV x2  
  37  3:52  Supply Depot  
  37  3:58  Liberator  
  40  4:06  Marine  
  43  4:12  Liberator  
  44  4:20  Refinery  
  44  4:21  SCV x2  
  46  4:24  Marine  
  47  4:33  SCV x2, Supply Depot  
  49  4:39  Missile Turret  
  49  4:41  Medivac  
  51  4:55  Medivac  
  53  5:04  SCV x2  
  55  5:10  Refinery  
  55  5:16  SCV x2, Fusion Core  
  55  5:19  Supply Depot  
  57  5:28  SCV x2  
  57  5:32  Starport Tech Lab  
  59  5:40  SCV  
  60  5:53  SCV x2  
  60  5:54  Barracks  
  60  5:56  Barracks  
  62  5:58  Barracks  
  62  6:05  SCV, Battlecruiser  
  62  6:09  Weapon Refit  
  61  7:14  Battlecruiser  
  67  7:33  Command Center  
  65  7:44  Fusion Core  
  65  7:47  SCV x2  
  65  7:50  Armory  
  67  7:57  Starport  
  67  7:59  SCV x2  
  65  8:27  Battlecruiser  
  63  8:42  Starport Tech Lab  
  63  8:43  Terran Vehicle And Ship Armor Level 1  
  63  8:50  Barracks Reactor, Barracks Tech Lab  
  63  8:51  Barracks Reactor  
  63  8:53  Orbital Command  
  63  8:54  Barracks  
  63  9:02  Battlecruiser  
  69  9:14  Stimpack  
  69  9:21  Barracks Reactor  
  69  9:24  Marine  
  70  9:32  Supply Depot  
  70  9:33  Supply Depot  
  70  9:34  Supply Depot x2  
  70  9:36  Supply Depot  
  70  9:37  Supply Depot  
  70  9:41  Marine  
  71  9:48  Planetary Fortress  
  71  9:50  Marine x5  
  76  9:58  Supply Depot  
  76  9:59  Marine, Supply Depot x2  
  77  10:00  Supply Depot  
  77  10:01  Supply Depot  
  77  10:04  Refinery  
  77  10:08  Marine x5  
  77  10:09  Battlecruiser  
  88  10:17  Marine x3  
  91  10:23  Supply Depot  
  91  10:25  Marine  
  91  10:26  Marine x4  
  96  10:29  Armory  
  96  10:35  Marine x3  
  98  10:36  SCV  
  98  10:37  SCV  
  98  10:42  Terran Ship Weapons Level 1  
  101  10:43  Marine  
  101  10:44  Refinery  
  101  10:48  SCV  
  101  10:49  SCV  
  104  11:01  SCV, Battlecruiser  
  111  11:18  Battlecruiser  
  117  11:30  Terran Vehicle And Ship Armor Level 2  
  117  11:31  Marine x6  
  117  11:32  Marine x2  
  125  11:48  Marine  
  125  11:49  Marine x7  
  133  12:05  Battlecruiser  
  133  12:06  Marine  
  140  12:15  SCV  
  141  12:26  Battlecruiser  
  141  12:27  SCV  
  148  12:34  Starport  
  148  12:39  SCV  
  149  12:51  SCV  
  150  12:58  Marine x5  
  151  12:59  Marine x3  
  151  13:03  SCV  
  159  13:09  Battlecruiser  
  165  13:16  Marine x7  
  165  13:17  Marine  
  155  13:33  Marine  
  155  13:34  Marine x3, Battlecruiser  
  150  13:39  Starport Tech Lab  
  140  14:02  Battlecruiser  
  127  14:14  Battlecruiser  
  127  14:39  Battlecruiser  
  117  15:16  Battlecruiser  
  117  15:18  Battlecruiser  
  129  15:49  Terran Vehicle And Ship Armor Level 3  
  129  15:51  Terran Ship Weapons Level 2  
  129  16:03  Command Center  
  129  16:16  Terran Infantry Armor Level 1  
  129  16:17  Engineering Bay  
  129  16:25  Battlecruiser  
Tags
 
Add a new tag
Caveats
  • Supply blocks, unpowered buildings, or Contaminate may cause inaccurate times.
  • Supply counts are checked every 10 seconds.